 Dungeon Crawl Stone Soup version 0.19-a0-1007-g133f65f (webtiles) character file.

256 Gottschkopf the Insei (level 5, 0/40 HPs)
             Began as a Draconian Transmuter on July 21, 2016.
             Slain by a wraith (9 damage)
             ... in an ossuary.
             The game lasted 00:10:53 (4279 turns).

Gottschkopf the Insei (Draconian Transmuter)        Turns: 4279, Time: 00:10:54

Health: 0/40       AC:  7    Str: 12    XL:     5   Next: 92%
Magic:  4/8        EV: 12    Int: 13    God:
Gold:   190        SH:  0    Dex: 18    Spells: 3 memorised, 2 levels left

rFire  . . .     SeeInvis .       - Unarmed
rCold  . . .     Gourm    .     (armour unavailable)
rNeg   . . .     Faith    .     (no shield)
rPois  +         Spirit   .     (helmet restricted)
rElec  .         Dismiss  .     v - +0 cloak
rCorr  .         Reflect  .     (no gloves)
SustAt .         Harm     .     i - +0 pair of boots
MR     .....                    (no amulet)
Stlth  ++........               k - +5 ring of dexterity
                                l - ring of poison resistance

@: appendage (expiring), slowed, very slow, not resistant to hostile
enchantments, unstealthy
A: unfitting armour, horns 2, cold-blooded, AC +5
a: End Transformation


You were in an ossuary.
You were hungry.
You had grown temporary horns.
You visited 1 branch of the dungeon, and saw 4 of its levels.
You also visited: Ossuary.

You collected 190 gold pieces.

Inventory:

Hand Weapons
 q - a +0 blowgun
Missiles
 a - 8 arrows (quivered)
 u - 22 poisoned needles
Armour
 i - a +0 pair of boots (worn)
 v - a +0 cloak (worn)
Jewellery
 k - a +5 ring of dexterity (right hand)
 l - a ring of poison resistance (left hand)
 x - an uncursed amulet of dismissal {unknown}
 y - an uncursed ring of wizardry {unknown}
 z - an uncursed amulet of the gourmand {unknown}
 C - a +3 amulet of reflection {unknown}
Scrolls
 f - 3 scrolls of teleportation
 m - 5 scrolls of remove curse
 n - a scroll of amnesia {unknown}
 p - a scroll of random uselessness {unknown}
 A - a scroll of immolation {unknown}
 B - a scroll of identify
Potions
 d - 4 potions of might
 e - 2 potions of heal wounds
 g - a potion of beneficial mutation {unknown}
 h - 2 potions of lignification {unknown}
 j - a potion of magic {unknown}
 o - a potion of cure mutation {unknown}
 r - a potion of cancellation {unknown}
 s - a potion of degeneration {unknown}
 t - a potion of haste {unknown}
 w - a potion of ambrosia {unknown}
Books
 b - a book of Changes

   Spells                             Type                      Level
   a - Beastly Appendage              Transmutation                1
   b - Sticks to Snakes               Transmutation                2
   c - Spider Form                    Transmutation/Poison         3
   d - Ice Form                       Ice/Transmutation            4
   e - Blade Hands                    Transmutation                5
Comestibles
 c - 3 bread rations


   Skills:
 - Level 1.1 Fighting
 - Level 1.7 Dodging
 - Level 5.3 Unarmed Combat
 - Level 2.0 Spellcasting
 + Level 3.5 Transmutations
 - Level 2.3 Poison Magic


You had 2 spell levels left.
You knew the following spells:

 Your Spells              Type           Power        Failure   Level  Hunger
a - Beastly Appendage     Tmut           ##....       8%          1    ##.....
b - Sticks to Snakes      Tmut           ##......     10%         2    ###....
c - Spider Form           Tmut/Pois      #.........   28%         3    ####...


Dungeon Overview and Level Annotations

Branches:
Dungeon (4/15)
 Temple: D:4-7

Altars:
Ashenzari
Qazlal
The Shining One

Annotations:
D:4 Grinder


Innate Abilities, Weirdness & Mutations

Your plain brown scales are hard. (AC +5)
Your body does not fit into most forms of armour.
You are cold-blooded and may be slowed by cold attacks.
You have a pair of horns on your head.


Message History

Confirm with . or Enter, or press ? or * to list all spells.
You grow a pair of large bovine horns.
Your ball python misses the wraith.
Your adder bites the wraith but does no damage.
The wraith completely misses you.
Your ball python misses the wraith.
Your adder barely misses the wraith.
Unknown command.
You hit the wraith.
Your tail-slap misses the wraith.
The wraith is moderately damaged.
The wraith hits you!
* * * LOW HITPOINT WARNING * * *
The wraith drains your vigour!
You feel as though you will be slow longer.
Your adder barely misses the wraith.
Your ball python bites the wraith.
The wraith closely misses you.
Your adder bites the wraith.
You hit the wraith but do no damage.
The wraith is heavily damaged.
Your transformation is almost over.
Your ball python barely misses the wraith.
Your adder closely misses the wraith.
The wraith hits you!
You die...

#..#.'...# #..# #..#.#...'.#..#
#..####..#+#..#+#..#'#..####..#
#........#.#..#.#..#.#........#
#.............................#
#..####.......###.......####..#
#..# +....8...#?#...8....'.#..#
#..####.......#'#.......####..#
#.............#W#.............#
#.............@SS.............#
#..####..####.....####..####^.'
#..# +...#.'...8...'.#...'.#..'
#..####..####.....####..####..'
#^............................#
#.............#^#.............#
#..####.......#'#.......####..#
#..#.'.^..8...#.#...8....'.#..#
#..####.......###.......####..#


You could see a wraith, a friendly adder and a friendly ball python.

Vanquished Creatures
  An orc priest (D:3)
  A big kobold zombie (Ossuary)
  4 adders
  4 gnolls
  3 oozes
  3 worms
  3 dart slugs
  4 giant geckos
  5 orcs (D:3)
  2 ball pythons
  3 giant cockroaches
  5 hobgoblins
  4 jackals
  3 quokkas
  11 bats
  5 giant newts
  6 goblins
  3 goblin zombies (Ossuary)
  3 hobgoblin zombies (Ossuary)
  9 kobolds
  3 kobold zombies (Ossuary)
  16 rats
101 creatures vanquished.

Vanquished Creatures (collateral kills)
  A worm (D:2)
  A rat (D:2)
2 creatures vanquished.

Grand Total: 103 creatures vanquished

Notes
Turn   | Place    | Note
-------+----------+-------------------------------------------
     0 | D:1      | Gottschkopf the Draconian Transmuter began the quest for the Orb.
     0 | D:1      | Reached XP level 1. HP: 16/16 MP: 3/3
    44 | D:1      | Reached XP level 2. HP: 23/23 MP: 3/5
   380 | D:2      | Reached skill level 4 in Unarmed Combat
   389 | D:2      | Learned a level 2 spell: Sticks to Snakes
   551 | D:2      | Reached XP level 3. HP: 4/28 MP: 4/6
   863 | D:2      | Found a shattered altar of Ashenzari.
  1061 | D:2      | Reached XP level 4. HP: 12/35 MP: 4/7
  1244 | D:2      | Reached skill level 5 in Unarmed Combat
  1246 | D:2      | Found a stormy altar of Qazlal.
  1986 | D:1      | Learned a level 3 spell: Spider Form
  2167 | D:1      | Reached skill level 1 in Poison Magic
  2416 | D:2      | Reached XP level 5. HP: 20/40 MP: 6/8
  3610 | D:3      | Found a glowing golden altar of the Shining One.
  3931 | D:4      | Noticed Grinder
  3943 | D:4      | Found a sand-covered staircase.
  3949 | Ossuary  | Entered an ossuary
  3949 | Ossuary  | Noticed a wraith
  3949 | Ossuary  | Noticed a wraith
  3949 | Ossuary  | Noticed a wraith
  4258 | Ossuary  | Noticed a wraith
  4279 | Ossuary  | Slain by a wraith

Vault maps used:
D:1:      erik_arrival_orb_chamber, minmay_tiny_reverse_x
D:2:      overflow_temple_1_default, ashenzari_conservatory_becter, first_bread
D:3:      mumra_celtic_spiral_tile, nicolae_tso_carved_into_rock
D:4:      gup_sewer_entry_bowl, gup_ossuary_entry_pyramid,
          kennysheep_generic_room_11, uniq_grinder
Ossuary:  ossuary_kennysheep_city_of_the_dead

Skill      XL: |  1  2  3  4  5 |
---------------+----------------+-----
Unarmed Combat | 4 5 |  5.3
Poison Magic   | 1 2 |  2.3
Transmutations | 3 |  3.5
Fighting       | |  1.1
Dodging        | |  1.7
Spellcasting   | |  2.0

Action                   |  1- 3 |  4- 6 || total
-------------------------+-------+-------++-------
Melee: Unarmed           |   122 |   224 ||   346
       Tailslap          |     6 |    21 ||    27
       Kick              |    10 |    16 ||    26
       Headbutt          |     8 |    25 ||    33
       Punch             |     1 |     2 ||     3
 Cast: Beastly Appendage |    16 |    41 ||    57
       Sticks to Snakes  |     1 |     3 ||     4
       Spider Form       |       |     2 ||     2
  Use: Potion            |     1 |       ||     1
       Scroll            |       |     6 ||     6
 Stab: Sleeping          |       |     2 ||     2
  Eat: Chunk             |     1 |    11 ||    12
Armor: Skin              |    60 |    69 ||   129
Dodge: Dodged            |    92 |   161 ||   253
